 Dungeon Crawl Stone Soup version 0.24.1 (webtiles) character file.

Game seed: 6047218751211391826, levelgen mode: deterministic

219 Destapler the Stinger (level 5, -1/39 HPs)
             Began as a Merfolk Venom Mage on Mar 31, 2020.
             Was an Initiate of Sif Muna.
             Splashed by a jelly's acid (3 damage)
             ... on level 3 of the Dungeon.
             The game lasted 00:19:05 (3550 turns).

Destapler the Stinger (Merfolk Venom Mage)          Turns: 3550, Time: 00:19:05

Health: -1/39      AC: -2    Str:  8    XL:     5   Next: 96%
Magic:  0/9        EV: 23    Int: 16    God:    Sif Muna [......]
Gold:   83         SH:  0    Dex: 19    Spells: 4/9 levels left

rFire    . . .     SeeInvis .   a - +0 spear
rCold    . . .     Gourm    .   (no shield)
rNeg     . . .     Faith    .   r - +0 robe
rPois    .         Spirit   +   (no helmet)
rElec    .         Reflect  .   (no cloak)
rCorr    .         Harm     .   (no gloves)
MR       .....                  (boots currently unavailable)
Stlth    ++++......             f - amulet of guardian spirit
HPRegen  0.13/turn              (no ring)
MPRegen  0.11/turn              (no ring)

@: agile, corroded, very slightly contaminated, invisible, very quick
A: change form in water, swift swim, stealthy swim
a: Renounce Religion


You were on level 3 of the Dungeon.
You worshipped Sif Muna.
Sif Muna was noncommittal.
You were not hungry.

You visited 1 branch of the dungeon, and saw 3 of its levels.

You collected 83 gold pieces.

Inventory:

Hand Weapons
 a - a +0 spear (weapon)
 b - a +0 dagger
Missiles
 n - 13 poisoned darts (quivered)
Armour
 r - a +0 robe (worn)
Jewellery
 f - an amulet of guardian spirit (around neck)
Wands
 p - a wand of acid (6)
Scrolls
 d - 2 scrolls of identify {unknown}
 e - a scroll of random uselessness {unknown}
 g - a scroll of enchant armour {unknown}
 i - 2 scrolls of remove curse {unknown}
 k - a scroll of teleportation {unknown}
 m - a scroll of fear {unknown}
 o - a scroll of enchant weapon {unknown}
Comestibles
 c - 5 rations


   Skills:
 * Level 2.6 Fighting
 - Level 3.7 Dodging
 - Level 2.1 Stealth
 * Level 2.9 Spellcasting
 + Level 1.2 Conjurations
 * Level 0.1 Translocations
 - Level 5.1 Poison Magic


You had 4 spell levels left.
You knew the following spells:

 Your Spells              Type           Power        Failure   Level  Hunger
a - Sting                 Conj/Pois      ##..         5%          1    #......
b - Poisonous Vapours     Pois/Air       ##....       10%         2    ##.....
B - Blink                 Tloc           N/A          26%         2    ##.....

Your spell library contained the following spells:

 Spells                   Type           Power        Failure   Level  Hunger
 Magic Dart               Conj           #...         12%         1    #......
 Corona                   Hex            #......      19%         1    #......
 Olgreb's Toxic Radiance  Pois           ###.....     22%         4    #####..
 Mephitic Cloud           Conj/Pois/Air  #.......     24%         3    ###....
 Call Imp                 Summ           #.......     28%         2    ##.....
 Ensorcelled Hibernation  Hex/Ice        #.....       28%         2    ##.....
 Slow                     Hex            #.......     28%         2    ##.....
 Conjure Flame            Conj/Fire      #.......     41%         3    ###....
 Dazzling Spray           Conj/Hex       #.....       41%         3    ###....
 Confuse                  Hex            #.......     50%         3    ###....
 Tukima's Dance           Hex            #.......     50%         3    ###....
 Venom Bolt               Conj/Pois      ##........   82%         5    ######.


Dungeon Overview and Level Annotations

Branches:
Dungeon (3/15)

Altars:
Ashenzari
Sif Muna
Wu Jian
The Shining One


Message History

You reach to attack!
You completely miss the jelly.
The jelly is heavily wounded.
It was a potion of agility.
You feel agile all of a sudden. The jelly hits you.
* * * LOW HITPOINT WARNING * * *
The acid corrodes you!
You are splashed with acid.
* * * LOW HITPOINT WARNING * * *
It was a potion of invisibility.
You fade into invisibility!
The jelly completely misses you.
You are very lightly contaminated with residual magic.
Your legs become a tail as you enter the water. ...but don't expect to remain undetected.
You hit the jelly.
Your hands burn!
* * * LOW HITPOINT WARNING * * *
The jelly is severely wounded.
The jelly misses you.
You hit the jelly but do no damage.
Your hands burn!
You die...

>...# #..###.###.#....(.<.#
.##.# #..#####.....####.#.#
.##.# ####...###.#.# #...#
###.# ##.......###.# ###.#
#.# ##.........##.#### #.#
#J# #....≈≈≈....#.##>###.#
#.####...≈≈≈≈≈...#####.##.#
#.#.....≈≈...≈J.....###.#.#
#......J≈≈)>.≈@..._.####..#
#.#.....≈≈...≈≈.....#....)#
#.####...≈≈≈≈≈...####.##..#
#.# #....≈≈≈....# #.#...#
###.#####.........##
#...#)## ........##.......##
##.##.# ###.###..###...###
#.##.# # #......# #####
#.##.#
#######..###...########.##.#


You could see a jelly and an ooze.

Vanquished Creatures
  An ogre (D:2)
  An orc wizard (D:3)
  An adder (D:3)
  3 oozes
  3 worms
  A dart slug (D:1)
  2 leopard geckos (D:3)
  3 orcs (D:3)
  A ball python (D:2)
  9 bats
  6 giant cockroaches
  5 goblins
  10 hobgoblins
  2 jackals (D:2)
  A quokka (D:3)
  2 frilled lizards
  11 kobolds
  7 rats
69 creatures vanquished.

Vanquished Creatures (others)
  A hobgoblin (D:3)
  10 toadstools (D:3)
11 creatures vanquished.

Grand Total: 80 creatures vanquished

Notes
Turn   | Place    | Note
-------+----------+-------------------------------------------
     0 | D:1      | Destapler the Merfolk Venom Mage began the quest for the
                  | Orb.
     0 | D:1      | Reached XP level 1. HP: 13/13 MP: 3/3
   296 | D:1      | Reached XP level 2. HP: 17/19 MP: 0/5
   340 | D:1      | Learned a level 2 spell: Poisonous Vapours
   487 | D:1      | Reached skill level 4 in Poison Magic
  1081 | D:1      | Reached XP level 3. HP: 24/24 MP: 3/6
  1240 | D:1      | Found a glowing golden altar of the Shining One.
  1741 | D:2      | Noticed an ogre
  1766 | D:2      | Killed an ogre
  1766 | D:2      | Reached skill level 1 in Fighting
  1766 | D:2      | Reached skill level 5 in Poison Magic
  1766 | D:2      | Reached XP level 4. HP: 32/32 MP: 0/7
  1766 | D:2      | Reached XP level 5. HP: 37/37 MP: 0/8
  1968 | D:2      | Found an ornate altar of the Wu Jian Council.
  2188 | D:2      | Found a shattered altar of Ashenzari.
  2805 | D:3      | Reached skill level 1 in Conjurations
  2955 | D:3      | Found a shimmering blue altar of Sif Muna.
  2963 | D:3      | Became a worshipper of Sif Muna the Loreminder
  3210 | D:3      | Learned a level 2 spell: Blink
  3549 | D:3      | HP: 1/39 [acid (2)]
  3550 | D:3      | Splashed by a jelly's acid

Levels and vault maps discovered:
D:1:      roderic_crossed_star, layout_basic, tso_metal_star
D:2:      layout_loops_ring, lemuel_coloured_pillars_altar, lemuel_round_altar,
          first_ration
D:3:      cheibrodos_fertilizer, layout_loops_ring, minmay_misc_feat_nine_boxes,
          tgw_sif

Skill      XL: |  1  2  3  4  5 |
---------------+----------------+-----
Poison Magic   | 4 5 |  5.1
Fighting       | 1 2 |  2.6
Dodging        | 3 |  3.7
Conjurations   | 1 |  1.2
Stealth        | |  2.1
Spellcasting   | |  2.9
Translocations | |  0.1

Action                   |  1- 3 |  4- 6 || total
-------------------------+-------+-------++-------
Melee: Unarmed           |    75 |    20 ||    95
       Spear             |       |   103 ||   103
       Dagger            |       |     7 ||     7
       Mace              |       |     4 ||     4
Throw: Dart              |       |    10 ||    10
 Cast: Sting             |    41 |    42 ||    83
       Poisonous Vapours |     9 |    10 ||    19
  Use: Potion            |       |     3 ||     3
 Stab: Sleeping          |     5 |     7 ||    12
  Eat: Chunk             |     4 |     7 ||    11
Armor: Robe              |    16 |    11 ||    27
Dodge: Dodged            |    59 |   103 ||   162
